 Dungeon Crawl Stone Soup version 0.31-a0-702-gf82c85558f (webtiles) character file.

Game seed: 17738548099920283029

48 Shayle the Changeling (level 3, -2/35 HPs)
             Began as an Ogre Shapeshifter on Sept 8, 2023.
             Slain by a gnoll
             ... wielding a +0 flail
              (11 damage)
             ... on level 2 of the Dungeon.
             The game lasted 00:03:08 (975 turns).

Shayle the Changeling (Ogre Shapeshifter)            Turns: 975, Time: 00:03:10

Health: -2/35      AC:  3    Str: 18    XL:     3   Next: 72%
Magic:  5/5        EV:  9    Int: 13    God:
Gold:   18         SH:  0    Dex:  8    Spells: 5/5 levels left

rFire   . .          .
                       - Unarmed
rCold   . . .        (no shield)
rNeg    . . .        a - +0 animal skin
rPois   .            (helmet currently unavailable)
rElec   .            (cloak currently unavailable)
rCorr   .            (gloves unavailable)
SInv    .            (boots unavailable)
Will    .....        (no amulet)
Stlth   +            (no ring)
HPRegen 0.25/turn    (no ring)
MPRegen 0.09/turn

%: no passive effects
@: beast-form
A: beast (slay +1), large, unfitting armour, tough skin 1
a: Begin Untransformation


You were on level 2 of the Dungeon.
You were a hulking beast.
You visited 1 branch of the dungeon, and saw 2 of its levels.

You collected 18 gold pieces.

Inventory:

Armour
 a - a +0 animal skin (worn)
Jewellery
 j - a ring of protection from cold
Talismans
 c - a beast talisman (active)
 d - a flux talisman
Scrolls
 e - a scroll of enchant weapon {unknown}
 i - a scroll of amnesia {unknown}
 k - a scroll of identify {unknown}
 l - a scroll of teleportation {unknown}
Potions
 f - a potion of enlightenment {unknown}
 g - a potion of invisibility {unknown}
 h - 2 potions of cancellation


   Skills:
 + Level 1.9 Fighting
 - Level 1.7 Dodging
 + Level 3.2 Unarmed Combat
 + Level 1.8 Spellcasting
 + Level 3.4 Shapeshifting


You had 5 spell levels left.
You didn't know any spells.
Your spell library contained the following spells:

 Spells                   Type           Power      Damage    Failure   Level
 Slow                     Hex            4%         N/A       26%         1
 Confusing Touch          Hex            1%         N/A       61%         3
 Ozocubu's Armour         Ice            1%         N/A       61%         3
 Sigil of Binding         Hex            1%         N/A       61%         3
 Vampiric Draining        Necr           1%         2d6       61%         3
 Ozocubu's Refrigeration  Ice            0%         4d7       100%        7


Dungeon Overview and Level Annotations

Branches:
Dungeon (2/15)

Altars:


Innate Abilities, Weirdness & Mutations

You are a hulking beast.
Your limbs bulge with bestial killing power. (Slay +1)
You are too large for most types of armour.
You have tough skin. (AC +1)


Message History

You closely miss the gnoll. The gnoll hits you with a +0 flail. x2
You hit the gnoll.
The gnoll is heavily wounded.
The gnoll hits you but does no damage. x2
You smack the gnoll!
You kill the gnoll!
You hit the gnoll.
The gnoll is moderately wounded.
The gnoll hits you but does no damage.
You barely miss the gnoll.
The gnoll is moderately wounded.
The gnoll hits you but does no damage.
You closely miss the gnoll.
The gnoll is moderately wounded.
The gnoll hits you but does no damage.
You smack the gnoll!
The gnoll is severely wounded.
The gnoll hits you but does no damage.
You barely miss the gnoll.
The gnoll is severely wounded.
Your transformation is almost over.
The gnoll hits you with a +0 flail!
You barely miss the gnoll.
The gnoll is severely wounded.
The gnoll hits you with a +0 flail.
* * * LOW HITPOINT WARNING * * *
You hit the gnoll but do no damage.
The gnoll is severely wounded.
The gnoll hits you but does no damage.
You barely miss the gnoll.
The gnoll is severely wounded.
The gnoll hits you with a +0 flail.
* * * LOW HITPOINT WARNING * * *
It was a potion of cancellation.
Your magical effects are unravelling.
You feel magically purged.
You feel less wooden.
Your +0 animal skin unmelds from your body.
You turn into a hulking beast.
The gnoll hits you with a +0 flail!
You die...

# .#. # #.#..#..
.# #.#.#..# ..#
#......# ).#
#.....# ##..#
...".####)..#
#..#ggh.#
#.#....####
#.....#######
......!#........
##.....#...####.
#......#...#
.......#......
.#.....#...####
#.....#...#


You could see 2 gnolls.

Vanquished Creatures
  2 gnolls
  3 ball pythons
  3 bats (D:1)
  An endoplasm (D:1)
  4 hobgoblins (D:1)
  3 jackals (D:1)
  2 kobolds (D:1)
  A quokka (D:1)
  3 goblins (D:1)
  5 rats (D:1)
27 creatures vanquished.

Notes
Turn   | Place    | Note
-------+----------+-------------------------------------------
     0 | D:1      | Shayle the Ogre Shapeshifter began the quest for the Orb.
     0 | D:1      | Reached XP level 1. HP: 19/19 MP: 1/1
    84 | D:1      | Reached XP level 2. HP: 25/27 MP: 1/3
   120 | D:1      | Reached skill level 1 in Spellcasting
   531 | D:1      | Reached XP level 3. HP: 32/33 MP: 5/5
   975 | D:2      | Slain by a gnoll

Illustrated notes

Levels and vault maps discovered:
D:1:      heliophobic_arrival_battle_scene, layout_basic
D:2:      layout_rooms, minmay_crystal_water, chequers_decorated_corner

Skill      XL: |  1  2 |
---------------+-------+-----
Spellcasting   | 1 |  1.8
Unarmed Combat | 3 |  3.2
Fighting       | |  1.9
Dodging        | |  1.7
Shapeshifting  | |  3.4

Action                     || total
---------------------------++-------
  Melee: Unarmed           ||    76
    Use: Potion            ||     2
   Stab: Sleeping          ||     1
 Armour: Animal skin       ||    39
         Skin              ||    14
  Dodge: Dodged            ||    21

Table legend: (Time is in decaauts)
 A = Elapsed time spent in this place.
 B = Non-inter-level travel time spent in this place.
 C = Inter-level travel time spent in this place.
 D = Time resting spent in this place.
 E = Time spent auto-exploring this place.
 F = Levels seen in this place.
 G = Mean time per level.
                   A        B        C        D        E       F      G
               +--------+--------+--------+--------+--------+-----+--------+
         Total |    971 |    963 |      8 |    107 |    641 |   2 |  485.5 |
       Dungeon |    971 |    963 |      8 |    107 |    641 |   2 |  485.5 |
               +--------+--------+--------+--------+--------+-----+--------+

Top non-repeatable levels by time:
     D:1: 940 daAuts
     D:2: 30 daAuts
